 Dungeon Crawl Stone Soup version 0.22-a0-422-g9628fc8 (webtiles) character file.

157 Kairos the Shield-Bearer (level 5, -1/28 HPs)
             Began as a Vine Stalker Fighter on May 17, 2018.
             Slain by Crazy Yiuf
             ... wielding a +2 quarterstaff of chaos
              (3 damage)
             ... while paralysed by Crazy Yiuf
             ... on level 2 of the Dungeon.
             The game lasted 00:01:21 (1278 turns).

Kairos the Shield-Bearer (Vine Stalker Fighter)     Turns: 1278, Time: 00:01:22

Health: -1/28      AC:  6    Str: 20    XL:     5   Next: 38%
Magic:  0/6        EV:  2    Int:  8    God:
Gold:   97         SH:  0    Dex: 13    Spells: 4/4 levels left

rFire    . . .     SeeInvis .   a - +0 war axe
rCold    . . .     Gourm    +   c - +0 shield
rNeg     . . .     Faith    .   b - +0 scale mail
rPois    .         Spirit   +   (no helmet)
rElec    .         Reflect  .   (no cloak)
rCorr    .         Harm     .   (no gloves)
MR       .....                  (no boots)
Stlth    ..........             k - amulet of the gourmand
HPRegen  0.49/turn              (no ring)
MPRegen  0.10/turn              (no ring)

@: paralysed, lethally poisoned (-1 -> -2)
A: fangs 2, regeneration 1, magic shield, antimagic bite, no potion heal 3, rot
immunity
a: no special abilities


You were on level 2 of the Dungeon.
You were not hungry.

You visited 1 branch of the dungeon, and saw 2 of its levels.

You collected 97 gold pieces.

Inventory:

Hand Weapons
 a - a +0 war axe (weapon)
Armour
 b - a +0 scale mail (worn)
 c - a +0 shield (worn)
Jewellery
 k - an amulet of the gourmand (around neck)
 n - a +4 amulet of reflection {unknown}
Scrolls
 e - 4 scrolls of identify {unknown}
 g - a scroll of magic mapping {unknown}
 l - a scroll of teleportation {unknown}
Potions
 d - a potion of might
 h - a potion of mutation {unknown}
 i - a potion of agility {unknown}
 j - a potion of cancellation {unknown}
 m - a potion of heal wounds {unknown}
 o - a potion of haste {unknown}
Comestibles
 f - 2 rations


   Skills:
 + Level 3.3 Fighting
 + Level 3.2 Axes
 + Level 3.0 Armour
 + Level 0.4 Dodging
 + Level 3.4 Shields


You had 4 spell levels left.
You didn't know any spells.
Your spell library was empty.

Dungeon Overview and Level Annotations

Branches:
Dungeon (2/15)

Altars:

Annotations:
D:2 Crazy Yiuf, Natasha


Innate Abilities, Weirdness & Mutations

You have extremely sharp teeth.
Your natural rate of healing is unusually fast.
When hurt, damage is shared between your health and your magic reserves.
Your bite disrupts and absorbs the magic of your enemies.
Potions cannot restore your health.
You are immune to rotting.


Message History

Crazy Yiuf is moderately wounded.
You block Crazy Yiuf's attack.
Your shield and scale mail prevent you from hitting Crazy Yiuf.
Crazy Yiuf is moderately wounded.
Crazy Yiuf hits you with a quarterstaff of chaos.
You suddenly lose the ability to move!
Crazy Yiuf hits you but does no damage.
You are poisoned.
You feel sick.
Crazy Yiuf grits, "Island return to song shoe!"
Crazy Yiuf hits you with a quarterstaff of chaos!
Crazy Yiuf freezes you.
Crazy Yiuf hits you with a quarterstaff of chaos.
You feel sick.
Crazy Yiuf hits you with a quarterstaff of chaos!
* * * LOW HITPOINT WARNING * * *
Crazy Yiuf hits you with a quarterstaff of chaos.
* * * LOW HITPOINT WARNING * * *
Crazy Yiuf burns you.
You die...

...#######.### #...#
#.#.. ...##.....)..#
#...# #.'..
...##........# #..>#
###.. #####.....####
##### #.. ..........#
##. ##........# #.
#.....)..# ####
♣♣#### #. #........#
#)..#♣♣ ♣♣..#.## #.
#.....####
#..g@.♣♣♣♣......####.
#.....####
#...#♣..♣............
##...)...# ####
♣♣♣.♣...#....(..
####....#
♣♣♣♣♣##....... #....#
#....... #....####
#....... #.......#
#......( #.....^.#
#....... #########
########


You could see Crazy Yiuf.

Vanquished Creatures
  Natasha (twice) (D:2)
  5 adders (D:2)
  An ooze (D:1)
  2 worms (D:2)
  2 dart slugs
  A leopard gecko (D:2)
  2 giant cockroaches
  2 goblins
  8 hobgoblins
  8 jackals
  A quokka (D:2)
  A bat (D:2)
  3 frilled lizards (D:2)
  7 kobolds
  6 rats
51 creatures vanquished.

Notes
Turn   | Place    | Note
-------+----------+-------------------------------------------
     0 | D:1      | Kairos the Vine Stalker Fighter began the quest for the Orb.
     0 | D:1      | Reached XP level 1. HP: 11/11 MP: 2/2
    99 | D:1      | Reached XP level 2. HP: 11/16 MP: 3/3
   323 | D:1      | Reached XP level 3. HP: 19/20 MP: 4/4
   679 | D:2      | Gained mutation: Your natural rate of healing is unusually fast. [Vine Stalker growth]
   679 | D:2      | Reached XP level 4. HP: 21/24 MP: 5/5
   799 | D:2      | Noticed Natasha
   804 | D:2      | Killed Natasha
   859 | D:2      | Found a runed door.
   963 | D:2      | Reached XP level 5. HP: 28/28 MP: 6/6
  1149 | D:2      | Noticed Natasha
  1162 | D:2      | Killed Natasha
  1197 | D:2      | Noticed Natasha
  1270 | D:2      | Noticed Crazy Yiuf
  1273 | D:2      | Paralysed by Crazy Yiuf for 6 turns
  1278 | D:2      | Slain by Crazy Yiuf

Vault maps used:
D:1:      sevenhm_arrival_forest_fort_small_6
D:2:      uniq_natasha, uniq_crazy_yiuf_cottage

Skill      XL: |  1  2  3  4  5 |
---------------+----------------+-----
Shields        | 3 |  3.4
Fighting       | 3 |  3.3
Axes           | 2 3 |  3.2
Armour         | 3 |  3.0
Dodging        | |  0.4

Action                   |  1- 3 |  4- 6 || total
-------------------------+-------+-------++-------
Melee: War axe           |    74 |    70 ||   144
       Bite              |    20 |    15 ||    35
  Eat: Chunk             |       |     2 ||     2
Armor: Scale mail        |    35 |    16 ||    51
Dodge: Dodged            |    22 |    15 ||    37
Block: Shield            |    38 |    39 ||    77

Table legend:
 A = Spawn XP
 B = Non-spawn XP
 C = Spawn XP percentage of total XP
 D = Spawn monster count
 E = Non-spawn monster count
 F = Spawn count percentage of total count
 G = Total turns spent on level
                    A         B        C        D         E        F      G
               +---------+---------+-------+---------+---------+-------+---------
         Total |       0 |     225 |   0.0 |       0 |      51 |   0.0 |  1278
               +---------+---------+-------+---------+---------+-------+---------
           D:1 |       0 |      37 |   0.0 |       0 |      18 |   0.0 |   610
           D:2 |       0 |     188 |   0.0 |       0 |      33 |   0.0 |   668
               +---------+---------+-------+---------+---------+-------+---------
